 Dungeon Sprint DCSS version 0.26-a0-663-g36e8fdb655 (webtiles) character file.

Game seed: 3448245417030939549

936 Conn the Thaumaturge (level 10, -2/62 HPs)
             Began as an Octopode Hedge Wizard on Oct 10, 2020.
             Was a High Priest of Vehumet.
             Shot with an arrow by a naga sharpshooter (9 damage)
             ... in the Dungeon (Sprint VI: "Thunderdome").
             The game lasted 00:19:51 (909 turns).

Conn the Thaumaturge (Octopode Hedge Wizard)         Turns: 909, Time: 00:19:52

Health: -2/62      AC:  5    Str: 17    XL:     10   Next: 43%
Magic:  21/25      EV: 18    Int: 25    God:    Vehumet [*****.]
Gold:   256        SH:  0    Dex: 24    Spells: 7/31 levels left

rFire    + . .     SeeInvis +   c - +4 scythe (vamp)
rCold    + . .     Faith    .   (shield currently unavailable)
rNeg     + + .     Spirit   .   r - +4 hat "Pienk" {+Blink rCorr}
rPois    +         Reflect  .   d - amulet of the Peasants {+Inv Regen+ Int+2}
rElec    +         Harm     .   p - ring of the Saviour {*Corrode rElec Str+6 Dex+4 Stlth+}
rCorr    +         Rampage  .   n - ring "Dyijeof" {rN+ Dex+4 SInv}
MR       +....     NoTele   +   o - ring "Aptocw" {rN+ Stlth+}
Stlth    ++++++....             v - ring "Cohur" {+Fly rF+ MR+}
HPRegen  0.60/turn              h - ring "Cashruko" {Int+3 Stlth-}
MPRegen  0.19/turn              j - ring "Gyudgh" {rPois Str+2 Slay+4}
                                q - ring of Nidedo {+Fly Dex+4}
                                t - ring of the Blind Eye {+Fly rPois rC+}

@: no status effects
A: almost no armour, stealthy swim, amphibious, 8 rings, constrict 8, camouflage
1, gelatinous body 1
}: 1/15 runes: serpentine
a: Renounce Religion, Evoke Blink, Evoke Invisibility, Evoke Flight


You were in the Dungeon.
You worshipped Vehumet.
Vehumet was extremely pleased with you.
You visited 1 branch You collected 1150 gold pieces.
You spent 894 gold pieces at shops.

Inventory:

Hand Weapons
 a - a +0 dagger
 c - a +4 vampiric scythe (weapon)
Armour
 b - a +0 hat
 r - the +4 hat "Pienk" (worn) {+Blink rCorr}
   (You bought it in a shop in the Dungeon)

   It lets you blink.
   It provides partial protection from all sources of acid and corrosion.
Jewellery
 d - the amulet of the Peasants (around mantle) {+Inv Regen+ Int+2}
   (You bought it in a shop in the Dungeon)

   [amulet of regeneration]

   It affects your intelligence (+2).
   It lets you turn invisible.
   It increases your rate of regeneration.
 h - the ring "Cashruko" (on tentacle) {Int+3 Stlth-}
   (You bought it in a shop in the Dungeon)

   [ring of attention]

   It affects your intelligence (+3).
   It makes you less stealthy.
 j - the ring "Gyudgh" (on tentacle) {rPois Str+2 Slay+4}
   (You bought it in a shop in the Dungeon)

   [ring of slaying]

   It affects your strength (+2).
   It affects your accuracy and damage with ranged weapons and melee attacks
   (+4).
   It protects you from poison.
 m - the ring of Springtime {rN++ Str+3 Int-3 SInv}
   (You bought it in a shop in the Dungeon)

   [ring of see invisible]

   It affects your strength (+3).
   It affects your intelligence (-3).
   It greatly protects you from negative energy.
   It lets you see invisible.
 n - the ring "Dyijeof" (right tentacle) {rN+ Dex+4 SInv}
   (You bought it in a shop in the Dungeon)

   [ring of see invisible]

   It affects your dexterity (+4).
   It protects you from negative energy.
   It lets you see invisible.
 o - the ring "Aptocw" (on tentacle) {rN+ Stlth+}
   (You bought it in a shop in the Dungeon)

   [ring of stealth]

   It protects you from negative energy.
   It makes you more stealthy.
 p - the ring of the Saviour (left tentacle) {*Corrode rElec Str+6 Dex+4 Stlth+}
   (You bought it in a shop in the Dungeon)

   [ring of strength]

   It affects your strength (+6).
   It affects your dexterity (+4).
   It insulates you from electricity.
   It may corrode you when you take damage.
   It makes you more stealthy.
 q - the ring of Nidedo (on tentacle) {+Fly Dex+4}
   (You bought it in a shop in the Dungeon)

   [ring of flight]

   It affects your dexterity (+4).
   It lets you fly.
 s - the ring "Keeg" {rF+ Str+6 Dex+2 Slay-4}
   (You bought it in a shop in the Dungeon)

   [ring of strength]

   It affects your strength (+6).
   It affects your dexterity (+2).
   It affects your accuracy and damage with ranged weapons and melee attacks
   (-4).
   It protects you from fire.
 t - the ring of the Blind Eye (on tentacle) {+Fly rPois rC+}
   (You bought it in a shop in the Dungeon)

   [ring of poison resistance]

   It protects you from cold.
   It protects you from poison.
   It lets you fly.
 v - the ring "Cohur" (on tentacle) {+Fly rF+ MR+}
   (You bought it in a shop in the Dungeon)

   [ring of flight]

   It protects you from fire.
   It affects your resistance to hostile enchantments.
   It lets you fly.
Scrolls
 i - 4 scrolls of blinking
 k - 3 scrolls of fog
Potions
 e - a potion of heal wounds
 f - 4 potions of haste
 g - 2 potions of magic
 l - a potion of resistance
 u - 4 potions of curing


   Skills:
 + Level 2.8 Fighting
 + Level 6.3 Polearms
 + Level 5.8 Dodging
 - Level 5.9 Stealth
 * Level 11.0 Spellcasting
 * Level 8.5 Conjurations
 + Level 1.3 Summonings
 - Level 5.4 Translocations
 * Level 8.5 Fire Magic
 - Level 5.4 Air Magic
 - Level 6.1 Poison Magic
 * Level 5.5 Evocations


You had 7 spell levels left.
You knew the following spells:

 Your Spells              Type           Power        Failure   Level
a - Magic Dart            Conj           ####         1%          1
b - Blink                 Tloc           N/A          1%          2
c - Call Imp              Summ           ###.....     3%          2
d - Conjure Flame         Conj/Fire      ######..     1%          3
e - Mephitic Cloud        Conj/Pois/Air  #####...     1%          3
f - Foxfire               Conj/Fire      ####         1%          1
g - Inner Flame           Hex/Fire       #####...     1%          3
h - Iskenderun's Battles  Conj           ######..     1%          5
i - Airstrike             Air            #####.....   1%          4

Your spell library contained the following spells:

 Spells                   Type           Power        Failure   Level
 Slow                     Hex            ##......     7%          2


Dungeon Overview and Level Annotations

Branches:
Dungeon (1/1)

Altars:
Cheibriados
Dithmenos
Fedhas
Gozag
Kikubaaqudgha
Makhleb
Okawaru
Qazlal
Ru
Sif Muna
Trog
Uskayaw
Vehumet
Wu Jian
Xom
Yredelemnul
Zin
The Shining One
Beogh
Jiyva
Lugonu

Shops:
D *[??*?*:[((!!!!


Innate Abilities, Weirdness & Mutations

You cannot wear most types of armour.
You are very stealthy in the water. (Stealth+)
You are amphibious.
You can wear up to eight rings at the same time.
You can use your tentacles to constrict eight enemies at once.
Your skin changes colour to match your surroundings (Stealth+).
Your rubbery body absorbs attacks. (AC +1, EV +1)


Message History

Unknown command.
The naga sharpshooter shoots an arrow.
The arrow barely misses your battlesphere.
The arrow hits you!!
Unknown command.
What are your orders? t - Shout!
Orders for allies: a - Attack new target. r - Retreat! s - Stop attacking. g - Guard the area. f - Follow me.
Anything else - Cancel.
Guard this area!
The naga sharpshooter shoots an arrow.
The arrow hits your battlesphere!
The naga sharpshooter shoots an arrow.
The arrow hits you!!
* * * LOW HITPOINT WARNING * * *
You see here 2 arrows.
The naga sharpshooter gestures wildly while chanting.
The naga sharpshooter magically shoots an arrow.
The arrow hits you!
You die...

#⌠..........# #.<.# #........
#⌠....N[..).###...###.....)..
##.............###...........
###∩....)...8.# #.8........∩
##∩___......###......___∩#
######.8(........8.######
#⌠..(........⌠#
###*(.......### #@......._#
#_)......_# #_......._#
#∩.......∩# ##∩.....∩##
##.....## ##⌠⌠⌠## #####


You could see a naga sharpshooter and a friendly battlesphere.

Vanquished Creatures
  An anaconda (D)
  A jumping spider (D)
  2 redbacks (D)
  Sigmund (D)
  2 tarantellas (D)
  A steam dragon (D)
  2 sky beasts (D)
  An orc wizard (D)
  4 worker ants (D)
  An orc (D)
  2 hobgoblins (D)
  4 kobolds (D)
  A frilled lizard (D)
23 creatures vanquished.

Vanquished Creatures (collateral kills)
  2 worker ants (D)
2 creatures vanquished.

Vanquished Creatures (others)
  4 kobolds (D)
  53 foxfires (D)
57 creatures vanquished.

Grand Total: 82 creatures vanquished

Notes
Turn   | Place    | Note
-------+----------+-------------------------------------------
     0 | D        | Conn the Octopode Hedge Wizard began the quest for the Orb.
     0 | D        | Reached XP level 1. HP: 11/11 MP: 4/4
     1 | D        | Found a bloodstained altar of Trog.
     2 | D        | Found an ornate altar of the Wu Jian Council.
     2 | D        | Found a stormy altar of Qazlal.
     3 | D        | Found a basalt altar of Yredelemnul.
     3 | D        | Found a hide-covered altar of Uskayaw.
     4 | D        | Found Noubracw's Identification Station.
     4 | D        | Found a glowing golden altar of the Shining One.
     5 | D        | Found Idezxus's Advanced Armour.
     5 | D        | Found Qarumpio's Jewellery.
     5 | D        | Round 1.
     6 | D        | Found an ancient bone altar of Kikubaaqudgha.
    11 | D        | Found Zotz's Premium Goods.
    11 | D        | Found Ehoh's Miscellaneous Merchandise.
    12 | D        | Found Itaxizxa's Basic Armour.
    13 | D        | Found a glowing silver altar of Zin.
    13 | D        | Found a sacrificial altar of Ru.
    13 | D        | Found a shimmering altar of Xom.
    13 | D        | Found Minwumid's Weapon Rack.
    29 | D        | Found an iron altar of Okawaru.
    31 | D        | Found a corrupted altar of Lugonu.
    31 | D        | Found a shadowy altar of Dithmenos.
    32 | D        | Found Coateedi's Do-It-Yourself Clinic.
    33 | D        | Found Zoprotos's Bottled Wisdom.
    33 | D        | Found Geossibb's Distillery.
    34 | D        | Found a burning altar of Makhleb.
    34 | D        | Found a snail-covered altar of Cheibriados.
    34 | D        | Found Etisahu's Distillery.
    50 | D        | Found an opulent altar of Gozag.
    52 | D        | Found a radiant altar of Vehumet.
    52 | D        | Found a roughly hewn altar of Beogh.
    53 | D        | Found Koqot's Staff Store.
    54 | D        | Found Nutro's Must-Have Magic.
    54 | D        | Found Gonen's Magic Scroll Shop.
    55 | D        | Found a viscous altar of Jiyva.
    55 | D        | Found a blossoming altar of Fedhas.
    55 | D        | Found a shimmering blue altar of Sif Muna.
    55 | D        | Found Taole's Magic Scroll Shop.
    59 | D        | Became a worshipper of Vehumet
    75 | D        | Noticed an orc wizard
    79 | D        | Noticed Sigmund
    82 | D        | Killed an orc wizard
    82 | D        | Reached skill level 5 in Spellcasting
    82 | D        | Reached XP level 2. HP: 17/17 MP: 6/8
    82 | D        | Reached XP level 3. HP: 21/21 MP: 6/9
    96 | D        | Killed Sigmund
    96 | D        | Reached skill level 5 in Stealth
    96 | D        | Reached skill level 9 in Spellcasting
    96 | D        | Reached XP level 4. HP: 26/27 MP: 8/15
    96 | D        | Reached XP level 5. HP: 30/31 MP: 8/16
   108 | D        | Learned a level 2 spell: Blink
   111 | D        | Learned a level 2 spell: Call Imp
   115 | D        | Learned a level 3 spell: Conjure Flame
   119 | D        | Learned a level 3 spell: Mephitic Cloud
   125 | D        | Reached * piety under Vehumet
   125 | D        | Offered knowledge of Sandblast by Vehumet.
   130 | D        | Arena points: 14 (+14) [x2]
   191 | D        | Bought a bound pewter amulet for 45 gold pieces
   191 | D        | Bought a crude silver ring for 45 gold pieces
   191 | D        | Bought a wavering bronze ring for 45 gold pieces
   191 | D        | Bought a vibrating turquoise ring for 45 gold pieces
   196 | D        | Identified the amulet of the Peasants {+Inv Regen+ Int+2}
                  | (You bought it in a shop in the Dungeon)
   196 | D        | Identified the ring of Springtime {rN++ Str+3 Int-3 SInv}
                  | (You bought it in a shop in the Dungeon)
   197 | D        | Identified the ring "Dyijeof" {rN+ Dex+4 SInv} (You bought
                  | it in a shop in the Dungeon)
   198 | D        | Identified the ring "Aptocw" {rN+ Stlth+} (You bought it in
                  | a shop in the Dungeon)
   201 | D        | Round 2.
   222 | D        | Reached skill level 1 in Air Magic
   261 | D        | Offered knowledge of Foxfire by Vehumet.
   261 | D        | Reached ** piety under Vehumet
   261 | D        | Reached skill level 1 in Poison Magic
   261 | D        | Reached XP level 6. HP: 36/36 MP: 14/18
   264 | D        | Learned a level 1 spell: Foxfire
   272 | D        | Reached skill level 1 in Fire Magic
   317 | D        | Offered knowledge of Inner Flame by Vehumet.
   323 | D        | Learned a level 3 spell: Inner Flame
   335 | D        | Arena points: 56 (+42) [x3]
   335 | D        | Reached skill level 1 in Polearms
   364 | D        | Bought a steaming ivory ring for 45 gold pieces
   364 | D        | Bought a warped bronze ring for 45 gold pieces
   364 | D        | Identified the ring of the Saviour {*Corrode rElec Str+6
                  | Dex+4 Stlth+} (You bought it in a shop in the Dungeon)
   365 | D        | Identified the ring of Nidedo {+Fly Dex+4} (You bought it
                  | in a shop in the Dungeon)
   390 | D        | Round 3.
   393 | D        | Noticed a steam dragon
   398 | D        | Noticed a sky beast
   399 | D        | Killed a steam dragon
   399 | D        | Reached *** piety under Vehumet
   399 | D        | Reached skill level 5 in Dodging
   404 | D        | Noticed a sky beast
   405 | D        | Killed a sky beast
   405 | D        | Reached XP level 7. HP: 40/42 MP: 17/20
   409 | D        | Noticed an insubstantial wisp
   411 | D        | Offered knowledge of Static Discharge by Vehumet.
   411 | D        | Reached skill level 10 in Spellcasting
   440 | D        | Arena points: 104 (+48) [x4]
   455 | D        | Round 4.
   456 | D        | Noticed a redback
   461 | D        | Killed a redback
   461 | D        | Reached **** piety under Vehumet
   461 | D        | Reached skill level 1 in Fighting
   470 | D        | Noticed a tarantella
   479 | D        | Killed a tarantella
   479 | D        | Reached skill level 5 in Poison Magic
   479 | D        | Reached XP level 8. HP: 13/48 MP: 9/22
   489 | D        | Noticed a jumping spider
   493 | D        | Noticed a redback
   495 | D        | Killed a redback
   502 | D        | Killed a jumping spider
   502 | D        | Reached skill level 5 in Conjurations
   502 | D        | Reached skill level 5 in Translocations
   502 | D        | Reached skill level 5 in Fire Magic
   502 | D        | Reached skill level 5 in Air Magic
   508 | D        | Noticed a jumping spider
   508 | D        | Noticed a tarantella
   511 | D        | Killed a tarantella
   511 | D        | Offered knowledge of Iskenderun's Battlesphere by Vehumet.
   511 | D        | Reached ***** piety under Vehumet
   511 | D        | Reached skill level 5 in Polearms
   511 | D        | Arena points: 224 (+120) [x5]
   519 | D        | Learned a level 5 spell: Iskenderun's Battlesphere
   525 | D        | Bought a shimmering hat for 315 gold pieces
   526 | D        | Round 5.
   536 | D        | Identified the +4 hat "Pienk" {+Blink rCorr} (You bought it
                  | in a shop in the Dungeon)
   539 | D        | Noticed a giant anaconda
   561 | D        | Noticed a naga warrior
   565 | D        | Killed a giant anaconda
   565 | D        | Offered knowledge of Airstrike by Vehumet.
   565 | D        | Arena points: 504 (+280) [x7]
   565 | D        | Reached skill level 11 in Spellcasting
   565 | D        | Reached skill level 5 in Evocations
   565 | D        | Reached XP level 9. HP: 21/55 MP: 4/24
   566 | D        | Got a serpentine rune of Zot
   587 | D        | Reached XP level 10. HP: 24/62 MP: 9/25
   600 | D        | Bought a warped jade ring for 45 gold pieces
   600 | D        | Bought a transparent bone ring for 45 gold pieces
   600 | D        | Identified the ring "Cashruko" {Int+3 Stlth-} (You bought
                  | it in a shop in the Dungeon)
   601 | D        | Identified the ring "Gyudgh" {rPois Str+2 Slay+4} (You
                  | bought it in a shop in the Dungeon)
   602 | D        | Bought a vibrating amber ring for 45 gold pieces
   602 | D        | Bought a flickering platinum ring for 45 gold pieces
   602 | D        | Identified the ring "Keeg" {rF+ Str+6 Dex+2 Slay-4} (You
                  | bought it in a shop in the Dungeon)
   603 | D        | Identified the ring of the Blind Eye {+Fly rPois rC+} (You
                  | bought it in a shop in the Dungeon)
   654 | D        | Bought 4 potions of curing for 84 gold pieces
   727 | D        | Learned a level 4 spell: Airstrike
   736 | D        | Round 6.
   847 | D        | Arena points: 936 (+432) [x8]
   861 | D        | Bought a faintly glowing copper ring for 45 gold pieces
   863 | D        | Identified the ring "Cohur" {+Fly rF+ MR+} (You bought it
                  | in a shop in the Dungeon)
   887 | D        | Round 7.
   899 | D        | Noticed a naga sharpshooter
   909 | D        | Shot with an arrow by a naga sharpshooter

Illustrated notes

Levels and vault maps discovered:
D:        arena_sprint

Skill      XL: |  1  2  3  4  5  6  7  8  9 |
---------------+----------------------------+-----
Stealth        | 4 5 |  5.9
Spellcasting   | 5 9 10 11 | 11.0
Dodging        | 4 5 |  5.8
Evocations     | 2 3 5 |  5.5
Air Magic      | 1 3 4 5 |  5.4
Poison Magic   | 1 3 5 6 |  6.1
Fire Magic     | 3 4 6 8 |  8.5
Conjurations   | 3 4 7 8 |  8.5
Translocations | 3 4 5 |  5.4
Polearms       | 2 4 6 |  6.3
Fighting       | 1 2 |  2.8
Summonings     | |  1.3

Action                   |  1- 3 |  4- 6 |  7- 9 | 10-12 || total
-------------------------+-------+-------+-------+-------++-------
Melee: Constrict         |     1 |     4 |     1 |       ||     6
       Tentacles         |     1 |     3 |     4 |       ||     8
       Dagger            |     1 |       |       |       ||     1
       Scythe            |       |    12 |    26 |       ||    38
 Cast: Magic Dart        |     1 |    18 |    10 |    10 ||    39
       Call Imp          |       |     3 |       |       ||     3
       Foxfire           |       |     5 |    25 |       ||    30
       Mephitic Cloud    |       |       |     6 |       ||     6
       Iskenderun's Batt |       |       |     1 |     1 ||     2
       Blink             |       |       |     1 |       ||     1
Evoke: Wand              |     6 |     1 |     3 |       ||    10
  Use: Potion            |     2 |       |     4 |       ||     6
 Stab: Confused          |       |       |     1 |       ||     1
Armor: Skin              |       |       |     2 |       ||     2
Dodge: Dodged            |       |    13 |    34 |     4 ||    51

Table legend: (Time is in decaauts)
 A = Elapsed time spent in this place.
 B = Non-inter-level travel time spent in this place.
 C = Inter-level travel time spent in this place.
 D = Time resting spent in this place.
 E = Time spent auto-exploring this place.
 F = Levels seen in this place.
 G = Mean time per level.
                   A        B        C        D        E       F      G
               +--------+--------+--------+--------+--------+-----+--------+
         Total |    938 |    938 |      0 |     44 |      3 |   1 |  938.0 |
       Dungeon |    938 |    938 |      0 |     44 |      3 |   1 |  938.0 |
               +--------+--------+--------+--------+--------+-----+--------+

Top non-repeatable levels by time:
       D: 938 daAuts
